 Dungeon Crawl Stone Soup version 0.30-b1-2-g02819fbbbe (webtiles) character file.

Game seed: 1726286860501012622

377683 Arcadio the Slayer (level 20, -4/160 (174) HPs)
             Began as an Armataur Fighter on May 12, 2023.
             Was the Champion of Ru.
             Slain by a small abomination (10 damage)
             ... on level 4 of the Abyss.
             The game lasted 02:46:32 (42173 turns).

Arcadio the Slayer (Armataur Fighter)              Turns: 42173, Time: 02:46:33

HP:   -4/160 (174)  AC: 24    Str: 29      XL:     20   Next: 83%
MP:   13/20         EV:  3    Int:  4 (6)  God:    Ru [******]
Gold: 2919          SH:  0    Dex: 16      Spells: 19/19 levels left

rFire   + . .        O - +9 morningstar (freeze)
rCold   + . .        Z - +5 kite shield {rF+}
rNeg    + . .        u - +5 ring mail of Aclej {Regen+ Dex+5}
rPois   +            I - +2 hat
rElec   +            s - +2 ratskin cloak {*Rats rPois rN+ Str-1 Int-1 Dex+1}
rCorr   .            m - +2 pair of gloves
SInv    +            (no barding)
Will    +....        L - amulet of reflection Stlth
                     U - ring "Inuseush" {rElec rC+ Int-2 SInv}
HPRegen 1.26/turn    F - +4 ring of slaying
MPRegen 0.17/turn

%: random rage (3%), reflection, roll
@: confused, exhausted, on berserk cooldown, slowed, drained, unable to read,
very slow
A: large, rugged brown scales 3, deformed body, inability to read after injury
2, no stealth, hated by all, no fire magic, no summoning magic, no
transmutations magic, reduced EV 1, inexperienced 1, armoured tail, roll, long
tongue, awkward tongue, berserk 1, [frail 2]
}: 2/15 runes: decaying, gossamer
a: Renounce Religion, Draw Out Power, Power Leap, Apocalypse


You were on level 4 of the Abyss.
You worshipped Ru.
Ru was exalted by your worship.
You visited 7 branches of the dungeon, and saw 35 of its levels.
You visited the Abyss 1 time.
You visited 1 bazaar.
You also visited: Bailey.

You collected 5136 gold pieces.
You spent 2139 gold pieces at shops.
You donated 78 gold pieces to Zin.

Inventory:

Hand Weapons
 O - a +9 morningstar of freezing (weapon)
Armour
 g - a +4 chain mail of cold resistance
 m - a +2 pair of gloves (worn)
 s - the +2 ratskin cloak (worn) {*Rats rPois rN+ Str-1 Int-1 Dex+1}
   (You found it on level 3 of the Dungeon)

   *Rats:     When the wearer is hurt, rats may emerge from it to assist them.
   Str:       It affects your strength (-1).
   Int:       It affects your intelligence (-1).
   Dex:       It affects your dexterity (+1).
   rPois:     It protects you from poison.
   rN:        It protects you from negative energy.
 u - the +5 ring mail of Aclej (worn) {Regen+ Dex+5}
   (You found it on level 3 of the Dungeon)

   Dex:       It affects your dexterity (+5).
   Regen:     It increases your rate of health regeneration.
 G - the +4 scale mail "Erept" {Will+ Str+3 Dex+5}
   (You found it on level 1 of the Vaults)

   Str:       It affects your strength (+3).
   Dex:       It affects your dexterity (+5).
   Will:      It increases your willpower.
 I - a +2 hat (worn)
 R - a +1 scale mail of fire resistance
 Z - a +5 kite shield of fire resistance (worn)
Jewellery
 B - a ring of resist corrosion
 D - a ring of poison resistance
 F - a +4 ring of slaying (right hand)
 L - an amulet of reflection (around neck)
 U - the ring "Inuseush" (left hand) {rElec rC+ Int-2 SInv}
   (You found it on level 3 of the Lair of Beasts)

   [ring of see invisible]

   Int:       It affects your intelligence (-2).
   rC:        It protects you from cold.
   rElec:     It insulates you from electricity.
   SInv:      It lets you see invisible.
 X - a ring of positive energy
Wands
 b - a wand of digging (11)
 i - a wand of flame (94)
 y - a wand of mindburst (53)
 z - a wand of light (14)
 C - a wand of polymorph (26)
 J - a wand of roots (25)
Scrolls
 a - 3 scrolls of butterflies
 e - 9 scrolls of fog
 f - 5 scrolls of blinking
 h - 9 scrolls of torment
 n - 6 scrolls of enchant armour
 o - 5 scrolls of vulnerability
 t - 9 scrolls of immolation
 x - 11 scrolls of teleportation
 N - 6 scrolls of poison
 P - 2 scrolls of silence
 S - 13 scrolls of fear
 V - 10 scrolls of magic mapping
 W - 2 scrolls of brand weapon
Potions
 d - 14 potions of might
 j - 4 potions of cancellation
 k - 7 potions of lignification
 l - 16 potions of curing
 p - 8 potions of attraction
 q - 6 potions of invisibility
 v - 4 potions of heal wounds
 w - 7 potions of mutation
 A - 3 potions of flight
 E - a potion of berserk rage
 H - 2 potions of haste
 M - 12 potions of ambrosia
 Y - 5 potions of resistance
Miscellaneous
 r - a phantom mirror
 K - a lightning rod (4/4)
 Q - a condenser vane
 T - a phial of floods


   Skills:
 + Level 22.0 Fighting
 + Level 21.6 Maces & Flails
 - Level 19.5 Armour
 + Level 14.0 Shields
 - Level 10.1 Evocations


You had 19 spell levels left.
You didn't know any spells.
Your spell library contained the following spells:

 Spells                   Type           Power      Damage    Failure   Level
 Apportation              Tloc           0%         N/A       71%         1
 Freeze                   Ice            0%         1d3       71%         1
 Magic Dart               Conj           0%         1d3       71%         1
 Necrotise                Necr           0%         1d4       71%         1
 Shock                    Conj/Air       0%         1d3       71%         1
 Searing Ray              Conj           0%         2d4       83%         2
 Frozen Ramparts          Ice            0%         1d1       97%         3
 Hailstorm                Conj/Ice       0%         3d3       97%         3
 Ozocubu's Armour         Ice            0%         N/A       97%         3
 Swiftness                Air            0%         N/A       97%         3
 Airstrike                Air            0%         2d(0-16)  100%        4
 Anguish                  Hex/Necr       0%         N/A       100%        4
 Cause Fear               Hex            0%         N/A       100%        4
 Fulminant Prism          Conj/Hex       0%         3d5       100%        4
 Metabolic Englaciation   Hex/Ice        0%         N/A       100%        5
 Enfeeble                 Hex            0%         N/A       100%        7
 Ozocubu's Refrigeration  Ice            0%         4d7       100%        7
 Summon Small Mammal      Summ           Unusable   N/A       N/A         1
 Ignite Poison            Fire/Tmut/Pois Unusable   N/A       N/A         3
 Petrify                  Tmut/Erth      Unusable   N/A       N/A         4
 Sticky Flame             Conj/Fire      Unusable   2d3       N/A         4
 Alistair's Intoxication  Tmut/Pois      Unusable   N/A       N/A         5
 Statue Form              Tmut/Erth      Unusable   N/A       N/A         6
 Ignition                 Fire           Unusable   3d3       N/A         8

Dungeon Overview and Level Annotations

Branches:
Dungeon (15/15) Zot: 24875  Temple (1/1) D:7 Zot: 5922    Lair (5/5) D:8 Zot: 22363
  Swamp (4/4) Lair:3 Zot: 19554  Spider (4/4) Lair:3 Zot: 17046   Slime (0/5) Lair:4
    Orc (2/2) D:11 Zot: 10592     Elf (0/3) Orc:2        Vaults (4/5) D:13 Zot: 18345
  Crypt (0/3) Vaults:3     Depths (0/4) D:15         Bailey (visited)

Altars:
Ashenzari
Cheibriados
Elyvilon
Gozag
Kikubaaqudgha
Makhleb
Nemelex Xobeh
Okawaru
Qazlal
Ru
Sif Muna
Trog
Uskayaw
Vehumet
Wu Jian
Xom
Zin
The Shining One

Shops:
D:7 :   D:14 [   D:15 ?   Orc:1 *   Orc:2 **:([:   Vaults:1 [

Annotations:
D:8 3 runed translucent doors, JamesMyths's ghost, novice DsBe
Lair:2 exclusion: oklob plant
Lair:4 exclusion: oklob plant
Orc:2 2 transporters, qborf's ghost, adept FoEn


Innate Abilities, Weirdness & Mutations

You are completely covered in rugged brown scales. (AC +3, +7% HP)
Armour fits poorly on your strangely shaped body.
You sometimes lose the ability to read scrolls when taking damage.
You cannot be stealthy.
You are hated by all.
You cannot study or cast Fire magic.
You cannot study or cast Summoning magic.
You cannot study or cast Transmutations magic.
You have somewhat slow reflexes. (EV -5)
You are somewhat inexperienced. (-1 XL)
You have a long armoured tail.
You roll when moving toward enemies. (Rampage)
Your long tongue fully drains potion bottles. (2x potion effects)
Your tongue gives you trouble enunciating. (1.5x scroll delay)
You sometimes lose your temper in combat.
[You are very frail. (-20% HP)]


Message History

You are too confused!
Unknown command.
Okay, then.
You feel much better.
You slurp down every last drop of the potion of heal wounds!
The very large slime creature is no longer paralysed.
The wretched star dissolves into shadows!
The spatial maelstrom hits you but does no damage.
The spatial maelstrom hits you!
You wobble for a moment.
The golden eye blinks at you.
You are more confused.
The small abomination hits you but does no damage.
The spatial maelstrom hits you. Space warps around you.
You focus your inner power and blind the spatial maelstrom in retribution!
The spatial maelstrom hits you! Space warps around you.
* * * LOW HITPOINT WARNING * * *
The small abomination barely misses you.
The small abomination hits you but does no damage.
The large abomination hits you!
* * * LOW HITPOINT WARNING * * *
The golden eye blinks at you. You resist with almost no effort.
The golden eye blinks at you. You resist with some effort.
The glowing orange brain pulsates.
You resist with some effort. The cacodemon hits you!
* * * LOW HITPOINT WARNING * * *
The cacodemon hits you but does no damage.
The floating eye begins to attack, but is stunned by your conviction!
A starcursed mass splits.
A deafening chorus of shrieks assaults your mind!
* * * LOW HITPOINT WARNING * * *
You shrug off the repeated paralysis!
A starcursed mass splits. x2
You redirect the shining eye's attack!
The shining eye gazes at the small abomination.
The golden eye blinks at you.
You easily resist.
The small abomination is stunned by your conviction and fails to attack.
The small abomination hits you!
You die...

##⌠... .#.
#v..v#..###.. # #
###vz#v##G ..# ..
#Xv...GG#⌠
..#...#.
.vX.x#### ##..# .
# ###...Xxx ..#.#
#
#G#..xxX###....#
.
.z#v.Xv2x∩∩.#†.#
#
#G#GXXx@###...†##
## ###.XxJXxX##
#... .# .##
.XXx#####x# ## .
. ..
##.⌠J#GGz#Xx#
#...# # .
###.##X##X.# #.#
##.X#X#5GX# .. #
. #.⌠.XX..##
~~... #
###XX.###⌠. ~ ...
# # ⌠ ≈~.....


You could see 7 starcursed masses, a cacodemon (magic disrupted), a spatial
maelstrom (blind), an enormous slime creature (slow), a very large slime
creature, 2 shining eyes, 3 glowing orange brains, 7 spatial vortices, 15 large
abominations, 12 small abominations, 3 flying skulls, a floating eye (charged),
a quasit (summoned) and 3 golden eyes.

Vanquished Creatures
  Saint Roka (Vaults:1)
  2 bone dragons
  Arachne (Spider:3)
  Jorgrun (Spider:1)
  Mlioglotl (Swamp:3)
  A tentacled monstrosity (Vaults:3)
  A walking frostbound tome (Abyss:4)
  A sphinx (Vaults:3)
  An Executioner (Abyss:4)
  A tengu reaver (Vaults:2)
  A shadow dragon (Vaults:3)
  2 fenstrider witches (Swamp:4)
  A frost giant (Vaults:3)
  9 ghost moths
  8 vault wardens
  A war gargoyle (Vaults:3)
  3 ghouls (Swamp:4)
  9 emperor scorpions
  8 very ugly things
  3 orc warlords
  3 cacodemons
  A stone giant (Vaults:2)
  3 ironbound preservers
  9 ironbound thunderhulks
  The ghost of Raneoc the Severer, a journeyman MiFi of Okawaru (Lair:4)
  4 eleionomae
  20 dire elephants
  7 bunyips
  A deep elf demonologist (Vaults:2)
  A spark wasp (Spider:1)
  2 eidola (Vaults:1)
  A crystal guardian (Vaults:3)
  3 ettins
  3 entropy weavers
  Josephine (D:12)
  7 yaktaur captains
  6 great orbs of eyes
  2 catoblepae
  12 hydras
  A spriggan air mage (Swamp:3)
  Erica (D:9)
  A rakshasa (Abyss:4)
  3 peacekeepers
  2 ghost crabs (Swamp:4)
  3 radroaches
  A death knight (D:15)
  3 jorogumos
  5 ironbound frosthearts
  6 death scarabs (Spider:4)
  15 centaur warriors
  9 alligators
  8 boulder beetles
  11 death yaks
  9 two-headed ogres
  3 tengu warriors
  A spectral emperor scorpion (Spider:4)
  A spriggan berserker (Swamp:3)
  11 spriggans
  A deep elf knight (Swamp:3)
  Sonja (Lair:3)
  4 skysharks
  Nergalle (D:12)
  A spatial maelstrom (Abyss:4)
  6 goliath frogs
  A sixfirhy (Abyss:3)
  3 skeletal warriors (D:15)
  A sun moth (Spider:4)
  3 wretched stars
  7 spriggan druids
  7 pharaoh ants
  2 death drakes (Swamp:4)
  3 wizards
  6 bog bodies
  13 deep trolls
  3 orb spiders
  A swamp dragon (Swamp:4)
  An obsidian statue (Orc:2)
  A broodmother zombie (Spider:4)
  6 steelbarb worms
  4 spectral hydras (Swamp:4)
  A spectral wolf spider (Spider:4)
  7 lindwurms
  5 ironbound convokers
  A deep elf pyromancer (D:11)
  2 phantasmal warriors (Swamp:4)
  A harpy (shapeshifter) (D:15)
  15 orc knights
  3 orc sorcerers
  A salamander (D:15)
  18 ugly things
  A will-o-the-wisp (Swamp:2)
  21 wolf spiders
  2 shining eyes (shapeshifter)
  2 salamanders (shapeshifter)
  6 cyclopes
  A moth of wrath (Spider:1)
  5 manticores
  7 black mambas
  12 elephants
  6 demonic crawlers
  A smoke demon (Abyss:4)
  18 cane toads
  5 vault sentinels
  10 komodo dragons
  An eye of devastation (shapeshifter) (D:13)
  5 torpor snails
  2 unseen horrors
  2 swamp worm zombies (Swamp:4)
  2 rime drakes
  A redback zombie (Spider:4)
  2 kobold demonologists (D:12)
  A tengu conjurer (D:14)
  24 yaktaurs
  A spectral redback (Spider:4)
  A freezing wraith (D:14)
  2 efreet
  4 ancient zymes
  4 hydra zombies (Swamp:4)
  10 trolls
  4 meliai
  A queen bee (D:9)
  4 spectral tarantellas (Spider:4)
  3 spectral jumping spiders (Spider:4)
  11 hornets
  A spectral culicivora (Spider:4)
  4 polar bears
  A wolf spider simulacrum (D:14)
  32 tarantellas
  A hellwing (Abyss:4)
  2 tarantella zombies (Spider:4)
  4 raiju (Abyss:4)
  3 spectral swamp dragons (Swamp:4)
  19 blink frogs
  11 tyrant leeches
  A culicivora zombie (Spider:4)
  3 alligator zombies (Swamp:4)
  2 jumping spider zombies (Spider:4)
  A blink frog (shapeshifter) (D:13)
  2 small abominations
  5 dream sheep (Lair:3)
  20 jumping spiders
  27 slime creatures
  16 culicivoras
  A ynoxinul (Abyss:4)
  5 wyverns
  11 wraiths
  A shadow (D:11)
  Sigmund (D:6)
  2 vampires
  5 basilisks
  77 yaks
  52 redbacks
  23 vampire mosquitoes
  3 chaos spawn
  4 neqoxecs
  2 steam dragons
  7 large abominations
  11 swamp worms
  Menkaure (D:6)
  4 wargs
  2 acid dragons
  10 water moccasins
  3 swamp dragon zombies (Swamp:4)
  27 orc warriors
  An ice beast (D:6)
  3 black bears (D:8)
  11 boggarts
  11 ogres
  14 wolves
  21 centaurs
  7 phantoms
  4 kobold brigands
  21 bullfrogs
  A necrophage (Swamp:4)
  A gnoll sergeant (D:6)
  3 scorpions
  18 wights
  23 killer bees
  A troll zombie (D:11)
  3 electric eels
  8 howler monkeys
  2 lava snakes (Lair:3)
  2 hounds
  12 jellies
  10 orc priests
  16 starcursed masses
  A gnoll bouda (D:8)
  2 iguanas
  A sleepcap (D:7)
  15 orc wizards
  A spectral swamp drake (Swamp:4)
  7 ogre zombies (D:11)
  24 gnolls
  9 adders
  A shadow imp (D:7)
  A white imp (D:7)
  An ufetubus (D:6)
  A worm (D:3)
  A dart slug (D:3)
  69 orcs
  4 bats
  12 endoplasms
  A giant cockroach (D:3)
  4 hobgoblins
  7 quokkas
  6 ball pythons
  7 frilled lizards
  5 goblins
  3 goblin skeletons (D:11)
  2 goblin zombies (D:11)
  A hobgoblin skeleton (D:11)
  6 hobgoblin zombies (D:11)
  21 kobolds
  3 orc skeletons (D:11)
  9 orc zombies (D:11)
  3 rats (D:3)
1377 creatures vanquished.

Vanquished Creatures (collateral kills)
  A pharaoh ant (Lair:3)
  An elephant (Lair:2)
  A black mamba (Lair:3)
  A blink frog (Lair:5)
  A jumping spider (Lair:3)
  A dream sheep (Lair:3)
  A yak (D:10)
  A redback (Lair:3)
  3 killer bees
  4 gnolls
  An orc skeleton (D:11)
16 creatures vanquished.

Vanquished Creatures (others)
  An orc warlord (Vaults:2)
  A ghoul (Swamp:4)
  A dire elephant (Vaults:2)
  A hydra (Swamp:3)
  A death yak (Lair:4)
  A deep troll (Vaults:2)
  An orc knight (Vaults:3)
  A wolf spider (Spider:4)
  A yaktaur (Vaults:3)
  2 bloated husks (Swamp:4)
  A spectral jumping spider (Spider:4)
  2 tarantellas (Spider:4)
  A blink frog (Lair:5)
  An alligator zombie (Swamp:4)
  A dream sheep (Lair:3)
  A jumping spider (Spider:3)
  A swamp worm (Swamp:4)
  An orc warrior (Orc:2)
  A centaur (Orc:2)
  A phantom (Swamp:4)
  3 orcs (Orc:2)
  6 bushes
  4 demonic plants (Abyss:4)
  8 foxfires
  60 fungi
  147 plants
250 creatures vanquished.

Grand Total: 1643 creatures vanquished

Notes
Turn   | Place    | Note
-------+----------+-------------------------------------------
     0 | D:1      | Arcadio the Armataur Fighter began the quest for the Orb.
     0 | D:1      | Reached XP level 1. HP: 19/19 MP: 1/1
   184 | D:1      | Reached XP level 2. HP: 26/26 MP: 2/2
   378 | D:1      | Reached skill level 3 in Fighting
   578 | D:1      | Found a faded altar of an unknown god.
   810 | D:1      | Reached XP level 3. HP: 28/33 MP: 3/3
  1091 | D:2      | Reached XP level 4. HP: 40/40 MP: 4/4
  1385 | D:2      | Identified the +2 flail of Reason {freeze, Str+2 Int-2
                  | Dex+6}
  1703 | D:3      | Found a hide-covered altar of Uskayaw.
  1776 | D:3      | Found Zin's Purification Station.
  1778 | D:3      | Found a glowing silver altar of Zin.
  1785 | D:3      | Became a worshipper of Zin the Law-Giver
  1785 | D:3      | Reached * piety under Zin
  1815 | D:3      | Noticed a scorpion
  1826 | D:3      | Killed a scorpion
  1827 | D:3      | Reached XP level 5. HP: 36/48 MP: 5/5
  1895 | D:3      | Bought a potion of curing for 90 gold pieces
  1908 | D:3      | Found the +2 ratskin cloak {*Rats rPois rN+ Str-1 Int-1
                  | Dex+1}
  2181 | D:3      | Found a broken altar of Ashenzari.
  2348 | D:3      | Reached ** piety under Zin
  2439 | D:3      | Identified the +5 ring mail of Aclej {Regen+ Dex+5}
  2467 | D:3      | Reached skill level 5 in Armour
  2710 | D:4      | Reached skill level 4 in Fighting
  2764 | D:4      | Found an ornate altar of the Wu Jian Council.
  2784 | D:4      | Reached XP level 6. HP: 48/55 MP: 6/6
  3129 | D:5      | Entered Level 5 of the Dungeon
  3149 | D:5      | Noticed a water moccasin
  3155 | D:5      | Reached XP level 7. HP: 39/64 MP: 7/7
  3196 | D:5      | Found a snail-covered altar of Cheibriados.
  3212 | D:5      | Found a shimmering blue altar of Sif Muna.
  3318 | D:5      | Found a bloodstained altar of Trog.
  3485 | D:5      | Reached *** piety under Zin
  3906 | D:6      | Noticed Sigmund
  3921 | D:6      | Killed Sigmund
  3922 | D:6      | Reached skill level 5 in Fighting
  3922 | D:6      | Found a white marble altar of Elyvilon.
  4027 | D:6      | Found a basalt altar of Yredelemnul.
  4181 | D:6      | Reached skill level 5 in Maces & Flails
  4181 | D:6      | Reached XP level 8. HP: 60/73 MP: 8/8
  4295 | D:6      | Noticed Menkaure
  4305 | D:6      | Killed Menkaure
  4306 | D:6      | Reached skill level 6 in Fighting
  4495 | D:6      | Found an ancient bone altar of Kikubaaqudgha.
  4797 | D:7      | Found Maricies's Self-Improvement Boutique.
  4915 | D:7      | Reached **** piety under Zin
  4964 | D:7      | Found a burning altar of Makhleb.
  5019 | D:7      | Found a glowing golden altar of the Shining One.
  5063 | D:7      | Found a staircase to the Ecumenical Temple.
  5077 | D:7      | Found a hazy altar of Hepliaklqana.
  5280 | D:7      | Reached XP level 9. HP: 69/83 MP: 9/9
  5472 | D:7      | Found a flagged portal.
  5479 | Bailey   | Entered a bailey
  5916 | Temple   | Entered the Ecumenical Temple
  6002 | D:8      | Reached skill level 7 in Fighting
  6062 | D:8      | Found a staircase to the Lair.
  6135 | D:8      | Reached skill level 10 in Armour
  6209 | D:8      | Found a sparkling altar of Nemelex Xobeh.
  6212 | D:8      | Found an opulent altar of Gozag.
  6316 | D:8      | Found an iron altar of Okawaru.
  6326 | D:8      | Reached skill level 8 in Fighting
  6499 | D:8      | Found a runed translucent gate.
  6499 | D:8      | Found a runed translucent gate.
  6499 | D:8      | Found a runed translucent gate.
  6583 | D:8      | Found an opulent altar of Gozag.
  6586 | D:8      | Noticed JamesMyths's ghost (novice DsBe)
  6850 | Lair:1   | Entered Level 1 of the Lair of Beasts
  6882 | Lair:1   | Noticed a cane toad
  6892 | Lair:1   | Reached XP level 10. HP: 94/94 MP: 10/10
  6895 | Lair:1   | Killed a cane toad
  7122 | D:9      | Identified the +1 ring mail "Daoriaf" {MP-9 Str+2 SInv}
  7283 | D:9      | Noticed a two-headed ogre
  7297 | D:9      | Killed a two-headed ogre
  7298 | D:9      | Reached skill level 5 in Shields
  7575 | D:9      | Reached ***** piety under Zin
  7697 | D:9      | Noticed Erica
  7707 | D:9      | Killed Erica
  7708 | D:9      | Reached skill level 9 in Fighting
  7965 | D:10     | Entered Level 10 of the Dungeon
  8044 | D:10     | Reached XP level 11. HP: 103/103 MP: 11/11
  8291 | D:10     | Noticed a two-headed ogre
  8299 | D:10     | Killed a two-headed ogre
  8486 | D:10     | Noticed a two-headed ogre
  8496 | D:10     | Killed a two-headed ogre
  8497 | D:10     | Reached skill level 10 in Fighting
  8661 | D:10     | Reached skill level 10 in Maces & Flails
  8740 | D:11     | Noticed a white ugly thing
  8775 | D:10     | Killed a white ugly thing
  8936 | D:11     | Reached XP level 12. HP: 115/115 MP: 12/12
  8992 | D:11     | Reached skill level 11 in Fighting
  9053 | D:11     | Noticed a five-headed hydra
  9318 | D:11     | Killed a five-headed hydra
  9377 | D:11     | Reached ****** piety under Zin
  9455 | D:11     | Found a staircase to the Orcish Mines.
  9581 | Temple   | Fell from the grace of Zin
  9581 | Temple   | Became a worshipper of Ru the Awakened
  9709 | Lair:1   | Noticed a death yak
  9709 | Lair:1   | Noticed a death yak
  9709 | Lair:1   | Noticed a death yak
  9709 | Lair:1   | Noticed a death yak
  9780 | Lair:1   | Killed a death yak
  9859 | Lair:1   | Noticed a death yak
  9899 | D:8      | Killed a death yak
  9951 | D:8      | Killed a death yak
  9959 | D:8      | Killed a death yak
  9995 | D:8      | Killed a death yak
 10520 | Lair:2   | Reached skill level 15 in Armour
 10722 | Lair:2   | Reached skill level 12 in Fighting
 10949 | Lair:2   | Gained mutation: You are somewhat inexperienced. (-1 XL)
                  | [Ru sacrifice]
 10949 | Lair:2   | Reached XP level 11. HP: 111/111 MP: 11/11
 10949 | Lair:2   | Reached * piety under Ru
 11063 | Lair:2   | Found a blossoming altar of Fedhas.
 11561 | Lair:3   | Found a hole to the Spider Nest.
 11572 | Lair:3   | Reached XP level 12. HP: 59/118 MP: 12/12
 11681 | Lair:3   | Found a staircase to the Swamp.
 11858 | Lair:3   | Found a runed translucent door.
 12223 | Lair:3   | Noticed Sonja
 12268 | Lair:2   | Reached skill level 13 in Fighting
 12268 | Lair:2   | Reached XP level 13. HP: 130/130 MP: 13/13
 12268 | Lair:2   | Reached XP level 14. HP: 138/138 MP: 14/14
 12269 | Lair:2   | Reached skill level 14 in Fighting
 12269 | Lair:2   | Reached XP level 15. HP: 147/147 MP: 15/15
 12269 | Lair:2   | Reached XP level 16. HP: 156/156 MP: 16/16
 12508 | Lair:3   | Killed Sonja
 12932 | Lair:3   | Found a runed translucent gate.
 12940 | Lair:3   | Found a runed translucent gate.
 12940 | Lair:3   | Identified the +1 whip "Poemp" {freeze, Int+4}
 12941 | Lair:3   | Found a runed translucent gate.
 12941 | Lair:3   | Found a runed translucent gate.
 12941 | Lair:3   | Found a runed translucent gate.
 12942 | Lair:3   | Found a runed translucent gate.
 13003 | Lair:3   | Identified the ring "Inuseush" {rElec rC+ Int-2 SInv}
 13189 | Lair:4   | Gained mutation: You cannot be stealthy. [Ru sacrifice]
 13189 | Lair:4   | Reached ** piety under Ru
 13527 | Lair:4   | Found a viscous altar of Jiyva.
 13528 | Lair:4   | Found a staircase to the Slime Pits.
 14070 | Lair:4   | Found a runed translucent gate.
 14070 | Lair:4   | Found a runed translucent gate.
 14070 | Lair:4   | Found a runed translucent gate.
 14071 | Lair:4   | Noticed Raneoc's ghost (journeyman MiFi)
 14358 | Lair:4   | Killed Raneoc's ghost
 14386 | Lair:5   | Entered Level 5 of the Lair of Beasts
 15184 | Lair:4   | Reached skill level 15 in Fighting
 15346 | Lair:4   | Gained mutation: You cannot study or cast Fire magic. [Ru
                  | sacrifice]
 15346 | Lair:4   | Gained mutation: You cannot study or cast Transmutations
                  | magic. [Ru sacrifice]
 15346 | Lair:4   | Gained mutation: You cannot study or cast Summoning magic.
                  | [Ru sacrifice]
 15346 | Lair:4   | Reached *** piety under Ru
 15447 | Lair:4   | Reached skill level 15 in Maces & Flails
 16555 | Lair:3   | Reached XP level 17. HP: 156/166 MP: 17/17
 17192 | Orc:1    | Entered Level 1 of the Orcish Mines
 17395 | Orc:2    | Entered Level 2 of the Orcish Mines
 17395 | Orc:2    | Found a staircase to the Elven Halls.
 17411 | Orc:2    | Gained mutation: You are hated by all. [Ru sacrifice]
 17411 | Orc:2    | Reached **** piety under Ru
 17433 | Orc:2    | Reached skill level 1 in Evocations
 17650 | Orc:2    | Found a transporter.
 17898 | Orc:2    | Found Qiju's Book Shop.
 17898 | Orc:2    | Found Deurec's Antique Weapon Shoppe.
 17900 | Orc:2    | Found Aplexos's General Store.
 17902 | Orc:2    | Found Kaagegun's Armour Emporium.
 17915 | Orc:2    | Bought a scroll of fog for 56 gold pieces
 17915 | Orc:2    | Bought a scroll of magic mapping for 105 gold pieces
 17930 | Orc:2    | Found Neighaam's Book Shoppe.
 17979 | Orc:2    | Found a bloodstained altar of Trog.
 17988 | Orc:2    | Noticed qborf's ghost (adept FoEn)
 18003 | Orc:2    | Found a transporter.
 18004 | Orc:2    | Identified the +5 quarterstaff of Due Proportion {chaos,
                  | rElec Str+6}
 18068 | Orc:2    | Found Cocsugobb's Assorted Antiques.
 18123 | Orc:2    | Bought a scroll labelled ZEMICA TEIKI for 28 gold pieces
 18269 | Orc:1    | Found Ugruimypp's Assorted Antiques.
 18277 | Orc:1    | Bought a scroll of identify for 52 gold pieces
 18277 | Orc:1    | Bought a potion of curing for 78 gold pieces
 18277 | Orc:1    | Bought a wand of flame (5) for 91 gold pieces
 18456 | Orc:2    | Found a gateway to a bazaar.
 18469 | Bazaar   | Entered a bazaar
 18553 | Bazaar   | Found Dahorechyr's Armour Shop.
 18587 | Bazaar   | Found Animuc's Assorted Antiques.
 18604 | Bazaar   | Found Faduoklu's Book Shoppe.
 18628 | Bazaar   | Bought a +1 pair of gloves for 115 gold pieces
 18676 | Bazaar   | Bought a wand of flame (9) for 138 gold pieces
 18676 | Bazaar   | Bought a scroll of teleportation for 66 gold pieces
 18676 | Bazaar   | Bought a wand of flame (11) for 169 gold pieces
 18676 | Bazaar   | Bought a potion of heal wounds for 110 gold pieces
 19026 | D:12     | Noticed Nergalle
 19037 | D:12     | Killed Nergalle
 19163 | D:12     | Gained mutation: You have somewhat slow reflexes. (EV -5)
                  | [Ru sacrifice]
 19163 | D:12     | Reached ***** piety under Ru
 19206 | D:12     | Noticed Josephine
 19214 | D:12     | Killed Josephine
 19787 | D:13     | Found a gate to the Vaults.
 20561 | D:14     | Reached skill level 16 in Fighting
 20789 | D:14     | Gained mutation: You occasionally lose the ability to read
                  | scrolls when taking damage. [Ru sacrifice]
 20789 | D:14     | Gained mutation: You sometimes lose the ability to read
                  | scrolls when taking damage. [Ru sacrifice]
 20789 | D:14     | Reached ****** piety under Ru
 20855 | D:14     | Found Kiecouma's Armour Boutique.
 21060 | D:7      | Bought a manual of Maces & Flails for 880 gold pieces
 21489 | D:15     | Entered Level 15 of the Dungeon
 21489 | D:15     | Found Kiguzuts's Magic Scroll Boutique.
 21531 | D:14     | Reached skill level 5 in Evocations
 21919 | D:15     | Bought a scroll of enchant weapon for 127 gold pieces
 21919 | D:15     | Bought a scroll of identify for 34 gold pieces
 22029 | D:15     | Found a staircase to the Depths.
 23041 | Swamp:1  | Entered Level 1 of the Swamp
 24805 | Swamp:3  | Noticed Mlioglotl
 24915 | Swamp:3  | Identified a scroll of acquirement
 24924 | Swamp:2  | Acquired a manual of Fighting
 25004 | Swamp:3  | Killed Mlioglotl
 25548 | Swamp:3  | Reached skill level 17 in Fighting
 25701 | Swamp:3  | Reached XP level 18. HP: 79/180 MP: 18/18
 25956 | Swamp:4  | Entered Level 4 of the Swamp
 26993 | Swamp:4  | Paralysed by a fenstrider witch for 2 turns
 27107 | Swamp:4  | Reached skill level 18 in Fighting
 27432 | Swamp:4  | Noticed a bone dragon
 27462 | Swamp:4  | Killed a bone dragon
 27650 | Swamp:4  | Got a decaying rune of Zot
 27927 | Spider:1 | Entered Level 1 of the Spider Nest
 28213 | Spider:1 | Noticed Jorgrun
 28235 | Spider:1 | Killed Jorgrun
 28236 | Spider:1 | Reached skill level 10 in Evocations
 30258 | Spider:2 | Reached skill level 19 in Fighting
 32100 | Spider:4 | Entered Level 4 of the Spider Nest
 32549 | Spider:4 | Noticed Arachne
 32804 | Spider:3 | Killed Arachne
 32843 | Spider:4 | Reached XP level 19. HP: 179/195 MP: 19/19
 34014 | Spider:4 | Reached skill level 20 in Fighting
 35246 | Spider:4 | Got a gossamer rune of Zot
 35649 | Vaults:1 | Entered Level 1 of the Vaults
 35769 | Vaults:1 | Found Diyxata's Armour Emporium.
 36006 | Vaults:1 | Noticed Saint Roka
 36222 | Vaults:1 | Killed Saint Roka
 36237 | Vaults:1 | Reached skill level 10 in Shields
 36490 | Vaults:1 | Identified the +4 scale mail "Erept" {Will+ Str+3 Dex+5}
 37814 | Vaults:2 | Reached skill level 21 in Fighting
 38971 | Vaults:2 | Identified the +0 hand axe of Harmony {speed, rElec rN+
                  | Str-5}
 38973 | Vaults:2 | Identified the +1 ring mail of Birdsong {Fly Regen+}
 38979 | Vaults:2 | Identified the staff of air "Boits" {rElec rN+ rCorr}
 38980 | Vaults:2 | Identified the +3 mace of Urgency {freeze, Will- Str+4}
 39094 | Vaults:3 | Found a staircase to the Crypt.
 39124 | Vaults:3 | Reached XP level 20. HP: 208/211 MP: 20/20
 41715 | Abyss:2  | Cast into level 2 of the Abyss (a wizard)
 41773 | Abyss:2  | Found a snail-covered altar of Cheibriados.
 41847 | Abyss:3  | Found a corrupted altar of Lugonu.
 41951 | Abyss:3  | Gained mutation: You sometimes lose your temper in combat.
                  | [a neqoxec]
 41994 | Abyss:4  | Found a corrupted altar of Lugonu.
 42068 | Abyss:4  | Paralysed by accursed screaming for 1 turns
 42108 | Abyss:4  | Found a corrupted altar of Lugonu.
 42111 | Abyss:4  | Found a corrupted altar of Lugonu.
 42167 | Abyss:4  | Reached skill level 22 in Fighting
 42169 | Abyss:4  | Paralysed by a floating eye for 4 turns
 42173 | Abyss:4  | HP: 6/160 [starcursed mass/accursed screaming[a glowing
                  | orange brain] (5)]
 42173 | Abyss:4  | Slain by a small abomination

Illustrated notes

Levels and vault maps discovered:
D:1:      minmay_arrival_three_doors, layout_loops_corners,
          shapermc_ecumenical_altar_mp_highgroup, minmay_door_square,
          minmay_pentomino_p4
D:2:      layout_loops_cross, minmay_split_cup_small
D:3:      minmay_angry_zag, layout_loops_ring, ashenzari_altar_1, zin_purify,
          nicolae_uskayaw_dance_hall, minmay_misc_feat_roman, minivault_24,
          amethyst_killhole, grunt_decor_fettered, minmay_misc_feat_hallway
D:4:      layout_basic, nzn_wu_jian_contemplation, minivault_14,
          kennysheep_cross_bottleneck
D:5:      layout_cave_pools, bloody_trog, cheibriados_altar_1,
          nicolae_sif_muna_condensation, serial_co_window_serial,
          co_window_paths_a, co_window_corner_a, co_window_paths_b,
          co_window_paths_a, co_window_of_opportunity_a, co_window_paths_b,
          co_window_corner_a, co_window_broadway_b, co_window_corner_b,
          co_window_corner_b, co_window_of_opportunity_b, glass_columns_c,
          glass_columns_a
D:6:      layout_gridville, kennysheep_ying_yang,
          nicolae_kikubaaqudgha_miasma_corner, st_stairs_7, uniq_sigmund,
          uniq_menkaure
D:7:      layout_gridville, mainiacjoe_overflow_six_doors_small,
          nicolae_tso_carved_into_rock, mainiacjoe_overflow_24_doors,
          minmay_temple_entry_trees, enter_bailey_7,
          chequers_serial_rivers_large_a, grunt_decor_clamped,
          nicolae_shop_self_help
D:8:      layout_loops_ring, grunt_temple_overflow_opulence, marbit_many_paths,
          due_lair_maze_entry_diamond, ebering_ghost_gozag, grunt_ministairs_14
D:9:      layout_gridville, special_room [special_room_bee],
          chequers_hall_statues_y, uniq_erica
D:10:     kennysheep_windowed_halls, layout_basic
D:11:     kennysheep_blocky_room, layout_cave_pools, zombieorc2_lemuel
D:12:     layout_basic, uniq_nergalle, uniq_josephine
D:13:     layout_irregular_city, david_vaults_2
D:14:     layout_long_grid, serial_shops, shop
D:15:     hangedman_depths_entry_try_elsewhere_first, layout_long_grid,
          nicolae_twisting_strands, serial_shops, nicolae_shop_tiny_waterfront
Temple:   nicolae_temple_two_arcs
Lair:1:   layout_chaotic_city, lemuel_fruit_tree
Lair:2:   layout_regular_city, tgw_fedhas, serial_bayou_shore_a
Lair:3:   gammafunk_indiana_jones, layout_gridlike, swamp_mist,
          nicolae_spider_entry_lesser_pyramids, nicolae_lair_grazing_beasts
          [nicolae_sub_lair_graze_edge, nicolae_sub_lair_graze_edge,
          nicolae_sub_lair_graze_edge, nicolae_sub_lair_graze_edge], uniq_sonja
Lair:4:   layout_regular_city, minmay_slime_entry_jelly_boxes,
          ebering_ghost_rock_garden, chequers_serial_rivers_small_3,
          grunt_megastairs_2
Lair:5:   minmay_lair_end_frog_pond, layout_misc_corridors
Swamp:1:  layout_falls_marsh, evilmike_swamp_ruin_house_6
Swamp:2:  layout_basic_swamp, evilmike_swamp_ruin_house_3,
          infiniplex_staircase_pool_2
Swamp:3:  cheibrodos_swamp_heart_of_darkness, layout_falls_marsh,
          evilmike_swamp_ruin_rubble_2, uniq_mlioglotl
Swamp:4:  swamp_pestilence, layout_basic_swamp, swamp_pool1,
          cheibrodos_swamp_witchery
Spider:1: layout_chambers, uniq_jorgrun
Spider:2: layout_chambers, nicolae_spider_scorpion_nest,
          hangedman_spider_tarantella_strand
Spider:3: layout_spider_delve
Spider:4: floodkiller_spider_rune_tomb, portal_ice_cave_entry_pillars_three,
          nicolae_arachne_temple
Orc:1:    minmay_goldmine, layout_diamond_mine, serial_shops, shop
Orc:2:    st_orc_rangers, layout_caves, special_room, serial_shops, statue_bzr,
          nicolae_shop_waterfront, shop, gammafunk_ghost_wrathful_warriors
Vaults:1: hangedman_vaults_stretched_pinwheel, nicolae_vaults_stand_back,
          nicolae_vaults_tangram_2, ontoclasm_vaults_pinch,
          nicolae_vaults_network_periphery, nicolae_vaults_closet_pinwheel_5,
          v_misc_22, nicolae_vaults_apartment_1, nicolae_vaults_tetromino_T_2,
          layout_vaults_big_cross, serial_shops,
          nicolae_shop_tiny_statue_garden, uniq_saint_roka
Vaults:2: nicolae_vaults_mini_display_case, vaults_mumra_chevron_long,
          nicolae_vaults_storing_the_good_stuff, nicolae_vaults_apartment_1,
          v_misc_26, nicolae_vaults_trapezoid_lopsided_4,
          hangedman_vaults_cutoff, nicolae_vaults_closet_pinwheel_2,
          nicolae_vaults_house_3, nicolae_vaults_ring_of_whatevers,
          nicolae_vaults_little_squares_6, nicolae_vaults_double_plus_2,
          layout_vaults_quadrants
Vaults:3: nicolae_vaults_trapezoid_4, v_rooms_6, nicolae_vaults_c_with_doors,
          nicolae_vaults_circle_grid_b, v_misc_31, hangedman_vaults_capsules,
          nicolae_vaults_sealed_display, nicolae_vaults_ring_of_whatevers,
          nicolae_vaults_alarming, layout_vaults_omnibox, dummy_crypt_entry
Vaults:4: vaults_standard_mumra_lines, ontoclasm_vaults_shuriken,
          ontoclasm_vaults_ring_small, nicolae_vaults_trapezoid_lopsided_4,
          nicolae_vaults_stairing_the_circle, nicolae_vaults_heart-shaped_vault,
          v_misc_16, v_misc_5, grunt_vaults_diagonal,
          nicolae_vaults_little_squares_5, hangedman_vaults_variations,
          hangedman_vaults_restitches, nicolae_vaults_little_ls,
          layout_vaults_ring
Abyss:4:  base: Swamp:4, base: D:15, guppyfry_abyss_exit_spiral_guarded,
          minivault_25_ag, hangedman_abyss_rune_macabre_mess,
          hangedman_abyss_rune_macabre_mess, spicy_abyss_pitcher_plant

Skill      XL: |  1  2  3  4  5  6  7  8  9 10 11 12 13 14 15 16 17 18 19 20 |
---------------+-------------------------------------------------------------+-----
Maces & Flails | 2 3 4 5 6 7 9 10 13 15 17 19 20 21 | 21.6
Armour         | 4 5 6 7 8 10 12 13 16 17 19 | 19.5
Fighting       | 3 4 5 6 8 9 10 13 14 15 17 19 21 22 | 22.0
Shields        | 4 5 7 11 14 | 14.0
Evocations     | 8 10 | 10.1

Action                     |  1- 3 |  4- 6 |  7- 9 | 10-12 | 13-15 | 16-18 | 19-21 || total
---------------------------+-------+-------+-------+-------+-------+-------+-------++-------
  Melee: Flail             |    88 |   114 |   253 |       |       |       |       ||   455
         Tailslap          |    11 |    10 |    45 |   126 |       |   452 |   291 ||   935
         Morningstar       |       |       |     8 |   685 |       |  2319 |  1228 ||  4240
 Invoke: Sacrifice Experie |       |       |       |     1 |       |       |       ||     1
         Recite            |       |       |       |     1 |       |       |       ||     1
         Sacrifice Stealth |       |       |       |       |       |     1 |       ||     1
         Sacrifice Arcana  |       |       |       |       |       |     1 |       ||     1
         Power Leap        |       |       |       |       |       |     1 |     2 ||     3
         Sacrifice Words   |       |       |       |       |       |     1 |       ||     1
         Sacrifice Health  |       |       |       |       |       |     1 |       ||     1
         Sacrifice Love    |       |       |       |       |       |     1 |       ||     1
         Draw Out Power    |       |       |       |       |       |       |     2 ||     2
         Apocalypse        |       |       |       |       |       |       |     1 ||     1
  Evoke: Wand              |       |       |       |     7 |       |    25 |     4 ||    36
         Condenser vane    |       |       |       |       |       |     2 |       ||     2
    Use: Scroll            |     2 |     5 |     3 |     8 |       |    20 |     5 ||    43
         Potion            |       |       |       |     1 |     1 |    17 |     5 ||    24
   Stab: Distracted        |       |       |     1 |     2 |       |    14 |     4 ||    21
         Sleeping          |       |       |     1 |       |       |       |       ||     1
         Petrified         |       |       |       |       |       |     3 |       ||     3
         Invisible         |       |       |       |       |       |    21 |    20 ||    41
         Paralysed         |       |       |       |       |       |     2 |     9 ||    11
 Armour: Scale mail        |    60 |     8 |       |       |       |    11 |       ||    79
         Plate armour      |       |    21 |       |       |       |       |       ||    21
         Ring mail         |       |    13 |   136 |   390 |       |  1305 |   585 ||  2429
  Dodge: Dodged            |    43 |    24 |   111 |   227 |       |   425 |    99 ||   929
  Block: Buckler           |    21 |    21 |    88 |   399 |       |  1059 |   223 ||  1811
         Reflection        |       |       |     5 |     8 |       |    37 |    40 ||    90
         Kite shield       |       |       |       |       |       |       |   607 ||   607
